 Dungeon Crawl Stone Soup version 0.24.0-125-gc4c63601f3 (webtiles) character file.

Game seed: 13537606453070104541, levelgen mode: deterministic

88 eccles the Digger (level 4, -3/26 HPs)
             Began as a Gargoyle Earth Elementalist on Mar 12, 2020.
             Killed by nerve-wracking pain
             ... invoked by an orc priest
              (6 damage)
             ... on level 2 of the Dungeon on Mar 13, 2020.
             The game lasted 00:08:19 (1456 turns).

eccles the Digger (Gargoyle Earth Elementalist)     Turns: 1456, Time: 00:08:20

Health: -3/26      AC:  5    Str: 11    XL:     4   Next: 54%
Magic:  0/8        EV: 12    Int: 17    God:
Gold:   75         SH:  0    Dex: 10    Spells: 3/9 levels left

rFire    . . .     SeeInvis .   l - +1 dagger (speed)
rCold    . . .     Gourm    .   (no shield)
rNeg     + . .     Faith    .   c - +0 robe
rPois    ∞         Spirit   .   (no helmet)
rElec    +         Reflect  .   (no cloak)
rCorr    .         Harm     .   (no gloves)
MR       .....                  (no boots)
Stlth    ++........             (no amulet)
HPRegen  0.08/turn              (no ring)
MPRegen  0.11/turn              (no ring)

@: no status effects
A: negative energy resistance 1, electricity resistance, unbreathing,
petrification resistance, rot immunity, AC +3
a: no special abilities


You were on level 2 of the Dungeon.
You were not hungry.

You visited 1 branch of the dungeon, and saw 2 of its levels.

You collected 75 gold pieces.

Inventory:

Hand Weapons
 h - a +0 dagger
 l - a +1 dagger of speed (weapon)
Missiles
 b - 38 stones
 i - 23 arrows
 k - 8 poisoned darts (quivered)
Armour
 c - a +0 robe (worn)
Scrolls
 a - a scroll of teleportation {unknown}
 g - a scroll of amnesia {unknown}
 j - 2 scrolls of identify {unknown}
 n - a scroll of noise {unknown}
 o - a scroll of fear {unknown}
Potions
 e - a potion of lignification {unknown}
 m - a potion of berserk rage {unknown}
Comestibles
 d - 3 rations
 f - 3 chunks of flesh


   Skills:
 * Level 1.6 Fighting
 + Level 0.7 Short Blades
 + Level 1.8 Dodging
 + Level 2.3 Stealth
 + Level 0.3 Unarmed Combat
 * Level 3.0 Spellcasting
 + Level 0.7 Transmutations
 * Level 4.3 Earth Magic


You had 3 spell levels left.
You knew the following spells:

 Your Spells              Type           Power        Failure   Level  Hunger
a - Sandblast             Erth           ###...       3%          1    None
b - Passwall              Tmut/Erth      ##......     10%         2    ##.....
c - Stone Arrow           Conj/Erth      ##....       22%         3    ###....

Your spell library contained the following spells:

 Spells                   Type           Power        Failure   Level  Hunger
 Petrify                  Tmut/Erth      ##......     52%         4    ####...
 Lee's Rapid Deconstruct  Erth           ###.......   63%         5    ######.


Dungeon Overview and Level Annotations

Branches:
Dungeon (2/15)

Altars:


Innate Abilities, Weirdness & Mutations

You are resistant to torment.
Your stone body is resilient. (AC +3)
You are immune to poison.
You resist negative energy. (rN+)
You are resistant to electric shocks. (rElec)
You can survive without breathing.
You are immune to petrification.
You are immune to rotting.


Message History

You don't have enough magic to cast that spell.
Unknown command.
You barely miss the orc priest.
The orc priest is severely wounded.
The orc priest invokes the aid of Beogh against you.
Beogh smites you!
Ouch! That really hurt!
* * * LOW HITPOINT WARNING * * *
You closely miss the orc priest.
The orc priest is severely wounded.
The ooze closely misses you.
You hit the orc priest.
The orc priest is almost dead.
The orc priest invokes the aid of Beogh against you.
Pain shoots through your body!
* * * LOW HITPOINT WARNING * * *
The ooze closely misses you.
The orc priest mumbles some strange prayers to Beogh against you.
Pain shoots through your body!
You die...

# .#.#.##
.......##########
#.....Jo.@.....#
#.....########<#
#..... #.# #....#
#.# #.>.. #.#
#.... #.# .....
#.# ##... #.# #.#


You could see an orc priest and an ooze.

Vanquished Creatures
  An orc priest (D:2)
  2 dart slugs (D:1)
  2 leopard geckos (D:1)
  An orc (D:2)
  2 giant cockroaches (D:1)
  3 goblins (D:1)
  6 hobgoblins
  10 jackals
  6 kobolds
  2 ball pythons (D:1)
  4 bats (D:1)
  A frilled lizard (D:1)
  9 rats
49 creatures vanquished.

Notes
Turn   | Place    | Note
-------+----------+-------------------------------------------
     0 | D:1      | eccles the Gargoyle Earth Elementalist began the quest for
                  | the Orb.
     0 | D:1      | Reached XP level 1. HP: 10/10 MP: 3/3
    79 | D:1      | Reached XP level 2. HP: 12/15 MP: 1/5
    96 | D:1      | Learned a level 2 spell: Passwall
   107 | D:1      | Reached skill level 4 in Earth Magic
   506 | D:1      | Reached XP level 3. HP: 16/20 MP: 6/6
   521 | D:1      | Learned a level 3 spell: Stone Arrow
   882 | D:1      | Reached skill level 1 in Fighting
  1345 | D:2      | Reached XP level 4. HP: 21/25 MP: 2/8
  1456 | D:2      | Killed from afar by an orc priest

Levels and vault maps discovered:
D:1:      onia_arrival_handbag, layout_loops_ring
D:2:      layout_loops_ring, first_ration

Skill      XL: |  1  2  3  4 |
---------------+-------------+-----
Earth Magic    | 4 |  4.3
Fighting       | 1 |  1.6
Spellcasting   | 3 |  3.0
Short Blades   | |  0.7
Dodging        | |  1.8
Stealth        | |  2.3
Unarmed Combat | |  0.3
Transmutations | |  0.7

Action                   |  1- 3 |  4- 6 || total
-------------------------+-------+-------++-------
Melee: Unarmed           |    38 |       ||    38
       Dagger            |    60 |     3 ||    63
Throw: Dart              |     7 |       ||     7
 Cast: Sandblast         |    35 |     9 ||    44
       Stone Arrow       |     5 |       ||     5
 Stab: Sleeping          |     1 |       ||     1
  Eat: Chunk             |     2 |     1 ||     3
Armor: Robe              |    43 |     2 ||    45
Dodge: Dodged            |    83 |     3 ||    86
